 Dungeon Crawl Stone Soup version 0.22-a0-596-gfbd32a6 (webtiles) character file.

74 sking99 the Insei (level 4, -2/37 HPs)
             Began as a Draconian Transmuter on July 5, 2018.
             Was an Initiate of Ru.
             Killed by divine providence
             ... invoked by an orc priest
              (10 damage)
             ... on level 3 of the Dungeon.
             The game lasted 00:02:59 (2038 turns).

sking99 the Insei (Draconian Transmuter)            Turns: 2038, Time: 00:02:59

Health: -2/37      AC:  5    Str: 12    XL:     4   Next: 9%
Magic:  3/7        EV: 12    Int: 14    God:    Ru [......]
Gold:   167        SH:  0    Dex: 12    Spells: 4/7 levels left

rFire    . . .     SeeInvis .     - Unarmed
rCold    . . .     Gourm    .   (no shield)
rNeg     . . .     Faith    .   (armour unavailable)
rPois    .         Spirit   .   (helmet restricted)
rElec    .         Reflect  .   (no cloak)
rCorr    .         Harm     .   (no gloves)
MR       .....                  (no boots)
Stlth    +.........             (no amulet)
HPRegen  0.12/turn              (no ring)
MPRegen  0.10/turn              (no ring)

@: no status effects
A: unfitting armour, cold-blooded, AC +5
a: Renounce Religion


You were on level 3 of the Dungeon.
You worshipped Ru.
Ru was noncommittal.
You were very hungry.

You visited 1 branch of the dungeon, and saw 3 of its levels.

You collected 167 gold pieces.

Inventory:

Missiles
 a - 21 arrows (quivered)
Jewellery
 g - an uncursed ring of ice {unknown}
 k - an uncursed ring of magical power {unknown}
Wands
 n - a wand of random effects (27)
Scrolls
 b - a scroll of enchant weapon {unknown}
 d - a scroll of magic mapping {unknown}
 e - 3 scrolls of teleportation {unknown}
 f - a scroll of remove curse {unknown}
 h - a scroll of fear {unknown}
 m - a scroll of identify {unknown}
Potions
 i - a potion of haste {unknown}
 j - a potion of flight {unknown}
 l - 2 potions of lignification {unknown}
Comestibles
 c - 3 rations


   Skills:
 + Level 2.5 Fighting
 - Level 1.7 Dodging
 * Level 4.4 Unarmed Combat
 - Level 2.0 Spellcasting
 - Level 2.0 Transmutations


You had 4 spell levels left.
You knew the following spells:

 Your Spells              Type           Power        Failure   Level  Hunger
a - Beastly Appendage     Tmut           #.....       11%         1    ##.....
b - Sticks to Snakes      Tmut           #.......     16%         2    ###....

Your spell library contained the following spells:

 Spells                   Type           Power        Failure   Level  Hunger
 Spider Form              Tmut/Pois      #.........   43%         3    ####...
 Blade Hands              Tmut           #.........   96%         5    ######.
 Ice Form                 Ice/Tmut       #.......     83%         4    #####..


Dungeon Overview and Level Annotations

Branches:
Dungeon (3/15)

Altars:
Hepliaklqana
Ru


Innate Abilities, Weirdness & Mutations

Your plain brown scales are hard. (AC +5)
You cannot fit into any form of body armour.
You are cold-blooded and may be slowed by cold attacks.


Message History

Your ball python closely misses the orc priest.
Your ball python barely misses the orc priest.
The orc priest hits you with a dagger.
You see here a short sword.
You barely miss the orc priest.
Your tail-slap misses the orc priest.
Your ball python closely misses the orc priest.
Your ball python misses the orc priest.
You hit the orc priest.
The orc priest is moderately wounded.
The orc priest calls down the wrath of Beogh upon you.
Beogh smites you!
* * * LOW HITPOINT WARNING * * *
Your ball python barely misses the orc priest.
Your ball python grabs the orc priest.
Your ball python constricts the orc priest.
You hit the orc priest but do no damage.
The orc priest is moderately wounded.
The orc priest invokes the aid of Beogh against you.
Beogh smites you!
You die...

.#.#.########.######.##
.#.........##.# #.#
...........##.######.#
.#.........##.##.....#
.#...>.....##.##.#####
#.........##.##.#
.......######.##.#
.......# #.# .......#
#@###### .......#
#So.((.# ##.##.##
#####†## #.# #o# #o#
#.# #.# #.#


You could see an orc priest and a friendly ball python.

Vanquished Creatures
  2 adders (D:2)
  A worm (D:2)
  A dart slug (D:1)
  2 leopard geckos
  An orc (D:3)
  2 giant cockroaches
  2 goblins (D:1)
  3 hobgoblins (D:1)
  4 jackals (D:1)
  7 kobolds
  2 quokkas (D:2)
  6 bats
  3 frilled lizards (D:1)
  4 rats (D:1)
40 creatures vanquished.

Vanquished Creatures (collateral kills)
  An adder (D:2)
  2 orcs (D:3)
3 creatures vanquished.

Grand Total: 43 creatures vanquished

Notes
Turn   | Place    | Note
-------+----------+-------------------------------------------
     0 | D:1      | sking99 the Draconian Transmuter began the quest for the Orb.
     0 | D:1      | Reached XP level 1. HP: 16/16 MP: 3/3
   137 | D:1      | Reached XP level 2. HP: 11/23 MP: 5/5
   683 | D:1      | Reached XP level 3. HP: 29/29 MP: 6/6
   835 | D:1      | Learned a level 2 spell: Sticks to Snakes
  1009 | D:2      | Reached skill level 4 in Unarmed Combat
  1368 | D:2      | Found a hazy altar of Hepliaklqana.
  1560 | D:2      | Found a sacrificial altar of Ru.
  1568 | D:2      | Became a worshipper of Ru the Awakened
  1701 | D:2      | Reached XP level 4. HP: 19/37 MP: 2/7
  2038 | D:3      | Killed from afar by an orc priest

Vault maps used:
D:1:      minmay_arrival_nine_rooms
D:2:      nicolae_ru_sacrificial_ziggurat, lemuel_round_altar,
          nrook_mini_backslash, kennysheep_cross_room, hangedman_feature_mirror
D:3:      first_ration, moated_statue, uniq_terence

Skill      XL: |  1  2  3 |
---------------+----------+-----
Fighting       | 2 |  2.5
Unarmed Combat | 4 |  4.4
Dodging        | |  1.7
Spellcasting   | |  2.0
Transmutations | |  2.0

Action                   |  1- 3 |  4- 6 || total
-------------------------+-------+-------++-------
Melee: Unarmed           |   137 |     7 ||   144
       Tailslap          |     8 |       ||     8
       Punch             |     6 |       ||     6
       Kick              |     1 |       ||     1
 Cast: Sticks to Snakes  |     5 |     3 ||     8
       Beastly Appendage |     1 |       ||     1
 Stab: Sleeping          |     2 |       ||     2
       Distracted        |     1 |       ||     1
  Eat: Chunk             |     2 |     1 ||     3
Armor: Skin              |    42 |       ||    42
Dodge: Dodged            |    97 |     4 ||   101

Table legend:
 A = Spawn XP
 B = Non-spawn XP
 C = Spawn XP percentage of total XP
 D = Spawn monster count
 E = Non-spawn monster count
 F = Spawn count percentage of total count
 G = Total turns spent on level
                    A         B        C        D         E        F      G
               +---------+---------+-------+---------+---------+-------+---------
         Total |       0 |     106 |   0.0 |       0 |      43 |   0.0 |  2038
               +---------+---------+-------+---------+---------+-------+---------
           D:1 |       0 |      43 |   0.0 |       0 |      24 |   0.0 |   994
           D:2 |       0 |      56 |   0.0 |       0 |      16 |   0.0 |   965
           D:3 |       0 |       7 |   0.0 |       0 |       3 |   0.0 |    79
               +---------+---------+-------+---------+---------+-------+---------
